Map: Blackpink LE

Players

ilyssa - Winner!

  • Race: Terran Terran
  • League: Silver
  • Spawn Location: 7:00

Eggggggg

  • Race: Terran Terran
  • League: Silver
  • Spawn Location: 1:00

VOD

Have the link to the VOD?

Description

Time

  • Played on: Dec. 8, 2017, 12:32 a.m.
  • Length: 24:07
Show
View Real Time Build Order
Export as new Build Order

ilyssa Terran - Winner!

Build Orders: MMM Bio 

Get SALT Encoding   

  12  0:01  SCV  
  13  0:13  SCV  
  14  0:19  Supply Depot  
  14  0:25  SCV  
  15  0:31  Refinery  
  15  0:41  SCV  
  16  0:47  Barracks  
  16  0:53  SCV  
  17  1:06  SCV  
  18  1:18  SCV  
  19  1:39  Orbital Command  
  19  1:42  Barracks Reactor  
  19  1:51  Command Center  
  19  2:11  Factory  
  19  2:29  Engineering Bay  
  19  2:30  Marine x2  
  21  2:45  Refinery  
  21  2:47  Barracks  
  21  2:53  Barracks  
  21  2:58  Factory Tech Lab  
  21  3:05  SCV  
  22  3:13  Orbital Command  
  22  3:23  Missile Turret  
  22  3:36  Siege Tank  
  22  3:38  Barracks Tech Lab  
  25  3:43  Barracks Tech Lab  
  25  4:14  Missile Turret  
  25  4:15  Marine x2  
  27  4:19  Siege Tank  
  30  4:33  Missile Turret  
  30  4:35  Stimpack  
  30  4:36  Missile Turret  
  30  4:46  Starport  
  30  4:49  SCV x2  
  32  5:18  Missile Turret  
  32  5:20  SCV x2  
  34  5:26  Supply Depot  
  34  5:29  Starport Reactor  
  34  5:31  Combat Shields  
  34  5:32  SCV x2  
  36  6:10  Missile Turret  
  36  6:12  Missile Turret  
  36  6:16  Missile Turret  
  36  6:20  Marine x4  
  36  6:24  Siege Tank  
  43  6:30  Starport  
  43  6:38  Marine  
  44  6:47  SCV x2  
  44  6:53  Supply Depot  
  46  6:54  Supply Depot x2  
  46  6:55  Terran Infantry Weapons Level 1  
  46  7:15  SCV  
  47  7:22  Barracks  
  47  7:23  SCV  
  47  7:25  Barracks, Marine  
  47  7:26  Marine x3  
  47  7:27  SCV  
  53  7:32  Starport Tech Lab  
  53  7:35  SCV  
  54  7:40  SCV  
  55  7:47  SCV  
  56  7:52  SCV  
  56  8:00  Missile Turret  
  56  8:05  Missile Turret  
  56  8:09  SCV x2  
  58  8:17  Raven  
  60  8:20  Medivac  
  60  8:21  SCV x2  
  60  8:49  SCV x2  
  60  9:00  Raven  
  60  9:01  SCV x2  
  59  9:27  Barracks Reactor  
  59  9:29  Marine, Barracks Reactor  
  59  9:30  Marine x3  
  63  9:33  Terran Infantry Armor Level 1  
  63  9:41  Medivac  
  63  9:43  Missile Turret  
  65  9:47  Marine  
  65  9:50  Refinery  
  65  9:52  Refinery  
  66  9:55  Refinery  
  66  10:00  Missile Turret  
  66  10:01  Marine x3  
  66  10:05  Marine  
  70  10:18  Supply Depot  
  70  10:20  Supply Depot x3  
  70  10:37  Supply Depot  
  70  10:38  Supply Depot  
  70  10:39  Marine x5, Siege Tank  
  70  10:42  Marine, Supply Depot  
  79  10:44  Medivac  
  81  11:07  Marine x4  
  81  11:08  Marine x4  
  89  11:16  SCV x2  
  91  11:25  Marine x2  
  93  11:27  Marine x4  
  93  11:28  SCV  
  93  11:31  SCV  
  99  11:52  Marine x3  
  102  12:01  Marine x5  
  102  12:10  Marine x3  
  100  12:18  Marine  
  100  12:19  Marine  
  93  12:54  Command Center  
  93  14:12  Marine x5  
  93  14:13  Marine x3  
  93  14:14  Siege Tank  
  104  14:30  Marine x4  
  64  16:21  Marine x3  
  64  16:22  Marine x5  
  72  16:26  Orbital Command  
  72  16:39  Marine  
  63  17:01  Marine x4  
  63  17:02  Marine x4  
  53  17:17  Siege Tank  
  53  17:18  Medivac x2  
  53  17:19  Marine x5  
  53  17:20  Marine x2  
  60  17:45  Orbital Command  
  60  17:49  Siege Tank  
  63  18:04  Marine x3  
  63  18:05  Marine x5  
  70  18:07  Medivac  
  73  18:21  Siege Tank  
  73  18:22  Marine x4  
  73  18:23  Marine x2  
  82  18:42  SCV  
  82  18:44  Marine x7  
  82  18:45  Marine  
  82  18:47  Medivac x3  
  97  18:54  SCV  
  98  19:01  Marine  
  98  19:02  Marine x4, Refinery  
  103  19:05  Refinery  
  103  19:15  Marine x3  
  100  19:19  Marine x2  
  100  19:20  Marine x2, Command Center  
  100  19:24  Marine  
  105  19:33  Marine x3  
  105  19:36  Armory  
  105  19:37  Marine x2  
  110  19:46  Marine x3  
  110  19:50  Marine  
  114  19:54  Marine x2  
  116  20:23  Marine x2  
  116  20:24  Marine x4  
  122  20:36  SCV x2  
  122  20:37  SCV  
  125  20:48  SCV x2  
  125  20:49  SCV  
  128  20:53  Marine  
  128  20:54  Marine x6  
  135  21:00  SCV  
  135  21:02  Orbital Command  
  115  21:22  Marine x2  
  115  21:23  Marine x6  
  117  21:40  Marine x4  
  117  21:41  Marine x2  
  110  22:03  Marine x6  
  110  22:04  Marine x2  
  110  22:05  Siege Tank  
  110  22:06  Medivac  
  123  22:21  Marine x3  
  115  22:27  Marine x5  
  115  22:31  SCV  
  116  22:38  Marine  
  116  22:39  Marine x2  
  119  22:45  Marine x3  
  122  22:51  Viking  
  122  22:53  Viking  
  120  23:13  SCV  
  120  23:16  SCV  
  122  23:25  SCV  
  123  23:28  SCV  
  123  23:37  SCV  
  112  23:45  Marine x4  
  112  23:46  Marine x2  
Show
View Real Time Build Order
Export as new Build Order

Eggggggg Terran 

Build Orders:  

Get SALT Encoding   

  12  0:01  SCV  
  13  0:16  SCV  
  14  0:29  Supply Depot  
  14  0:30  SCV  
  14  0:35  Refinery  
  15  0:39  Refinery  
  15  0:51  SCV  
  15  0:55  Barracks  
  16  1:03  SCV  
  17  1:15  SCV  
  18  1:34  SCV  
  19  1:44  Factory  
  19  1:46  SCV  
  20  1:47  Ghost Academy  
  20  1:51  Barracks Tech Lab  
  20  2:10  Marine  
  21  2:34  Ghost  
  21  2:35  Bunker  
  23  2:53  Factory Tech Lab  
  23  3:02  Supply Depot  
  23  3:24  Siege Tank, SCV  
  27  3:28  Supply Depot  
  27  3:36  SCV  
  28  3:48  SCV  
  29  4:28  Siege Tank  
  32  4:31  Orbital Command  
  32  4:33  Nuke  
  32  4:57  Command Center  
  32  5:18  SCV  
  33  5:21  Marine  
  33  5:27  Refinery  
  34  5:39  Marine  
  35  5:43  Starport  
  33  5:57  Marine  
  34  6:23  Medivac  
  36  6:34  Fusion Core  
  36  6:40  Starport, SCV  
  36  6:46  Refinery  
  37  6:48  Ghost  
  37  6:52  SCV  
  37  6:53  Cyclone  
  43  7:05  SCV  
  44  7:17  Marine  
  45  7:34  Command Center  
  45  7:35  Marine  
  45  7:36  Siege Tank  
  49  7:38  Starport Tech Lab  
  49  7:39  Starport Tech Lab  
  49  7:44  Weapon Refit  
  49  7:52  Armory  
  49  7:53  Marine  
  50  8:45  Supply Depot  
  50  8:46  Battlecruiser x2  
  53  9:32  SCV  
  54  9:39  SCV  
  54  9:44  SCV  
  56  9:47  Nuke  
  56  9:50  Battlecruiser  
  56  9:51  SCV  
  63  9:56  SCV  
  64  10:08  SCV  
  64  10:10  SCV  
  66  10:14  Battlecruiser  
  66  10:19  Supply Depot  
  66  10:21  SCV  
  73  10:22  SCV  
  74  10:34  SCV  
  75  11:04  Battlecruiser  
  81  11:19  Battlecruiser  
  81  11:21  Nuke  
  87  11:34  SCV  
  88  11:46  SCV  
  89  11:58  SCV  
  90  12:10  SCV  
  91  13:28  Liberator  
  92  13:56  Supply Depot  
  92  13:59  Supply Depot  
  92  14:01  Liberator  
  92  14:17  Ghost  
  97  14:27  Nuke  
  97  14:42  Starport  
  97  14:43  Liberator  
  95  14:46  Ghost  
  88  15:36  Banshee  
  91  15:43  Banshee  
  91  15:44  Starport Tech Lab  
  94  15:55  Refinery  
  94  15:59  Refinery  
  94  16:07  SCV  
  91  16:19  SCV  
  72  17:58  Supply Depot  
  72  18:05  Banshee x2  
  72  18:07  Siege Tank  
  84  18:19  Command Center  
  84  18:25  Command Center  
  84  18:31  Liberator  
  84  18:35  Raven  
  84  18:39  Siege Tank  
  86  18:48  Banshee  
  92  19:00  Supply Depot  
  92  19:01  Supply Depot  
  92  19:18  Liberator  
  92  19:22  Siege Tank  
  95  19:31  Raven  
  100  19:43  Command Center  
  100  19:48  Refinery  
  100  19:50  Refinery  
  100  19:52  SCV  
  101  19:55  SCV  
  102  20:01  Refinery x2  
  102  20:04  SCV  
  103  20:07  SCV  
  103  20:16  SCV  
  103  20:28  SCV  
  95  20:54  Banshee  
  50  23:29  Cyclone  
Tags
 
Composition
MMM Bio
Matchup
TvT
Race
Terran
Spawn Locations
Cross Positions
Add a new tag
Caveats
  • Supply blocks, unpowered buildings, or Contaminate may cause inaccurate times.
  • Supply counts are checked every 10 seconds.